AoeStats
← kaar

Nomad

509552622Analyzed
4v4 RM · 6d ago on Sep 27, 2026· 27m 46s· 8 players
Game mode
Random Map
Map size
231×231
Population
200
Speed
Normal
Resources
Standard
Victory
Conquest
Starting age
Dark Age
Ending age
Imperial Age
RankedLock teamsTeams togetherTeam positionsShared explorationLock speedFull tech treeHidden civsTurbo modeCheats
Victory
Defeat
🇨🇳 Vietnamese · China
1425
+11
🇨🇳 Varangians · China
1394
+12
🇻🇳 Shu · Vietnam
1352
+13
🇨🇳 Wei · China
1303
+15
🇮🇳 Lithuanians · India
1364
-16
🇲🇽 Spanish · Mexico
1312
-13
🇲🇽 Britons · Mexico
1257
-11
🇮🇳 Dravidians · India
1256
-11
Ratchet2krox
6:00 Loom
13:37 Feudal Age
15:04 Stone Mining
17:07 Fletching
17:18 Padded Archer Armor
canijo2512
11:40 Loom
13:26 Feudal Age
14:52 Double-Bit Axe
18:20 Castle Age
17:32 Horse Collar
19:22 Bow Saw
jAi
4:11 Loom
12:24 Feudal Age
13:22 Double-Bit Axe
21:11 Castle Age
22:04 Medium Warships
24:48 Bow Saw
26:16 Fletching
26:32 Scale Barding Armor
26:37 Forging
27:02 Bodkin Arrow
kaar
4:21 Loom
14:30 Feudal Age
18:07 Castle Age
18:12 Fletching
19:23 Bodkin Arrow
25:34 Wheelbarrow
26:51 Double-Bit Axe
mia
14:14 Feudal Age
14:57 Double-Bit Axe
14:56 Fishing Lines
18:04 Castle Age
15:54 Loom
18:09 Castle Age
16:30 Gold Mining
17:03 Horse Collar
17:31 Fletching
19:31 Bow Saw
19:19 Gillnets
20:12 Husbandry
20:23 Bloodlines
20:25 Bodkin Arrow
23:08 Wheelbarrow
24:51 Bloodlines
25:03 Thumb Ring
28:35 Hand Cart
tychodalat
12:38 Feudal Age
11:49 Loom
13:39 Double-Bit Axe
15:14 Forging
21:57 Castle Age
20:48 Fishing Lines
21:23 Gold Mining
22:55 Medium Warships
23:00 Bow Saw
NyaNyaX
5:17 Loom
13:51 Feudal Age
15:49 Town Watch
19:39 Fishing Lines
22:04 Castle Age
21:49 Horse Collar
24:35 Double-Bit Axe
24:47 Fletching
26:01 Wheelbarrow
snk
13:48 Feudal Age
17:28 Castle Age
17:59 Loom
24:26 Bloodlines
24:42 Scale Barding Armor
28:28 Chain Barding Armor
Connection lost

Rejoining the realm…

Still unreachable

The connection could not be restored.

Session expired

The server has moved on; the page needs a fresh start.